 Dungeon Crawl Stone Soup version 0.20.0-8-g6b59dc7 (webtiles) character file.

751 ChaseSP the Cleaver (level 7, 33/48 HPs)
             Began as a Deep Dwarf Fighter on June 2, 2017.
             Quit the game on level 5 of the Dungeon.
             The game lasted 00:05:40 (3312 turns).

ChaseSP the Cleaver (Deep Dwarf Fighter)            Turns: 3312, Time: 00:05:41

Health: 33/48      AC:  7    Str: 20    XL:     7   Next: 49%
Magic:  6/6        EV:  8    Int:  8    God:
Gold:   158        SH: 10    Dex: 21    Spells: 6/6 levels left

rFire    . . .     SeeInvis .   a - +0 war axe
rCold    . . .     Gourm    .   c - +0 shield
rNeg     . . .     Faith    .   o - +1 ring mail {MR+}
rPois    .         Spirit   .   (helmet restricted)
rElec    .         Reflect  .   (no cloak)
rCorr    .         Harm     .   (no gloves)
MR       ++...                  j - +0 pair of boots
Stlth    +.........             (no amulet)
Regen    0.0/turn               y - +5 ring of dexterity
MPRegen  0.1/turn               (no ring)

@: non-regenerating
A: damage resistance, heal wounds, horns 1, agile 1, blurry vision 1, frail 2,
sense surroundings 1, no regeneration
a: Heal Wounds


You were on level 5 of the Dungeon.
You were very hungry.

You visited 1 branch of the dungeon, and saw 5 of its levels.
You also visited: Sewer.

You collected 158 gold pieces.

Inventory:

Hand Weapons
 a - a +0 war axe (weapon)
Missiles
 g - 73 bolts
Armour
 c - a +0 shield (worn)
 i - a +0 helmet
 j - a +0 pair of boots (worn)
 o - a +1 ring mail of magic resistance (worn)
 r - a cursed +0 plate armour
Jewellery
 y - a +5 ring of dexterity (left hand)
Scrolls
 e - a scroll of amnesia {unknown}
 k - a scroll of random uselessness
 p - a scroll of fear {unknown}
 q - a scroll of remove curse
 t - a scroll of noise {unknown}
 z - a scroll of teleportation {unknown}
 A - a scroll of magic mapping {unknown}
Potions
 d - 3 potions of magic {unknown}
 l - 2 potions of heal wounds {unknown}
 s - a potion of haste
 v - 5 potions of curing
 w - 2 potions of cancellation
 x - a potion of ambrosia {unknown}
Books
 b - a book of Cantrips

   Spells                             Type                      Level
   a - Confusing Touch                Hexes                        1
   b - Animate Skeleton               Necromancy                   1
   c - Summon Small Mammal            Summoning                    1
   d - Apportation                    Translocation                1
Comestibles
 f - 9 bread rations
 h - 2 royal jellies
 m - 2 meat rations


   Skills:
 - Level 2.6 Fighting
 * Level 9.4 Axes
 - Level 3.2 Armour
 - Level 3.2 Shields


You had 6 spell levels left.
You didn't know any spells.

Dungeon Overview and Level Annotations

Branches:
Dungeon (5/15)
 Temple: D:4-7

Altars:
Gozag


Innate Abilities, Weirdness & Mutations

You are resistant to damage.
You can heal yourself by infusing magical energy.
You passively map a small area around you.
You do not regenerate.
You have a pair of small horns on your head.
You are agile. (Dex +2)
Scrolls take you a little longer to read.
You are very frail. (-20% HP)


Message History

You see here 6 mutagenic chunks of flesh.
You eat one of the 6 mutagenic chunks of flesh.
This meat tastes really weird.
A pair of horns grows on your head!
Your +0 helmet falls away!
You eat one of the 5 mutagenic chunks of flesh.
This meat tastes really weird.
You feel agile.
You eat one of the 4 mutagenic chunks of flesh.
This meat tastes really weird.
Your vision blurs.
You eat one of the 3 mutagenic chunks of flesh.
This meat tastes really weird.
You eat one of the 2 mutagenic chunks of flesh.
This meat tastes really weird.
You feel frail.
You eat the mutagenic chunk of flesh.
This meat tastes really weird.
You feel frail.
Okay, then.
Are you sure you want to abandon this character and quit the game? (Confirm with "yes".)

, * * * *
######## *
##......## *
##........##
#...>......# ,
.##..........#
*
.............#
#............#
#......@.....#
..........<.##
* ,
###..........#
.............#
.............#
,
.............#
**
....!........#
...#........##
...##......##


There were no monsters in sight!

Vanquished Creatures
  A sky beast (D:5)
  A phantom (D:4)
  An ogre (D:4)
  2 big kobolds (Sewer)
  An orc wizard (D:4)
  A bullfrog skeleton (D:4)
  A centaur skeleton (D:3)
  A hound zombie (D:5)
  Robin (D:2)
  3 river rats (Sewer)
  8 adders
  6 oozes (Sewer)
  13 worms
  3 leopard geckos (D:4)
  5 orcs
  2 giant cockroaches
  7 hobgoblins
  4 jackals (D:2)
  A quokka (D:3)
  2 ball pythons (Sewer)
  4 bats
  4 frilled lizards
  15 goblins
  10 kobolds
  9 rats
106 creatures vanquished.

Notes
Turn   | Place    | Note
-------+----------+-------------------------------------------
     0 | D:1      | ChaseSP the Deep Dwarf Fighter began the quest for the Orb.
     0 | D:1      | Reached XP level 1. HP: 20/20 MP: 1/1
   290 | D:1      | Reached skill level 3 in Axes
   316 | D:1      | Reached XP level 2. HP: 27/27 MP: 2/2
   695 | D:2      | Noticed Robin
   695 | D:2      | Reached XP level 3. HP: 30/33 MP: 3/3
   697 | D:2      | Reached skill level 4 in Axes
   702 | D:2      | Killed Robin
   866 | D:2      | Reached XP level 4. HP: 38/40 MP: 3/3
  1148 | D:2      | Reached skill level 5 in Axes
  1870 | D:3      | Reached XP level 5. HP: 16/46 MP: 4/4
  2012 | D:3      | Reached skill level 6 in Axes
  2316 | D:4      | Noticed a phantom
  2323 | D:4      | Killed a phantom
  2323 | D:4      | Reached skill level 7 in Axes
  2323 | D:4      | Reached XP level 6. HP: 25/55 MP: 5/5
  2524 | D:4      | Found an opulent altar of Gozag.
  2588 | D:4      | Found a glowing drain.
  2606 | Sewer    | Entered a sewer
  2650 | Sewer    | Reached skill level 8 in Axes
  2760 | Sewer    | Reached XP level 7. HP: 47/61 MP: 6/6
  3163 | Sewer    | Reached skill level 9 in Axes
  3287 | D:5      | Entered Level 5 of the Dungeon
  3306 | D:5      | Gained mutation: You have a pair of small horns on your head. [mutagenic meat]
  3307 | D:5      | Gained mutation: You are agile. (Dex +2) [mutagenic meat]
  3308 | D:5      | Gained mutation: Scrolls take you a little longer to read. [mutagenic meat]
  3310 | D:5      | Gained mutation: You are frail. (-10% HP) [mutagenic meat]
  3311 | D:5      | Gained mutation: You are very frail. (-20% HP) [mutagenic meat]
  3312 | D:5      | Quit the game

Skill      XL: |  1  2  3  4  5  6  7 |
---------------+----------------------+-----
Axes           | 3 4 5 7 8 9 |  9.4
Fighting       | |  2.6
Armour         | |  3.2
Shields        | |  3.2

Action                   |  1- 3 |  4- 6 |  7- 9 || total
-------------------------+-------+-------+-------++-------
Melee: War axe           |    90 |   193 |    74 ||   357
 Abil: Heal Wounds       |     1 |     4 |       ||     5
  Use: Scroll            |       |     4 |       ||     4
       Potion            |       |     1 |       ||     1
  Eat: Chunk             |       |     5 |     6 ||    11
       Fruit             |       |       |     3 ||     3
Armor: Scale mail        |    38 |     2 |       ||    40
       Ring mail         |       |    51 |    37 ||    88
Dodge: Dodged            |    24 |    41 |    10 ||    75
Block: Shield            |    47 |    85 |    32 ||   164
